 Dungeon Crawl Stone Soup version 0.24-a0-201-gf205589 (webtiles) character file.

Game seed: 5304945244337010143

106355 silenth the Cruncher (level 15, 0/125 HPs)
             Began as a Demonspawn Gladiator on Mar 21, 2019.
             Was the Champion of Makhleb.
             Slain by an emperor scorpion (9 damage)
             ... on level 1 of the Spider Nest.
             The game lasted 01:01:31 (31639 turns).

silenth the Cruncher (Demonspawn Gladiator)        Turns: 31639, Time: 01:01:32

Health: 0/125      AC: 11    Str: 22    XL:     15   Next: 97%
Magic:  25/25      EV: 23    Int: 11    God:    Makhleb [******]
Gold:   1430       SH:  0    Dex: 17    Spells: 22/24 levels left

rFire    + + .     SeeInvis .   a - +1 quarterstaff
rCold    . . .     Gourm    .   (shield currently unavailable)
rNeg     . . .     Faith    .   S - +0 troll leather armour
rPois    +         Spirit   .   (helmet restricted)
rElec    .         Reflect  .   b - +2 cloak
rCorr    .         Harm     .   l - +1 pair of gloves of the Dwarven Hall {rF++}
MR       +....                  (no boots)
Stlth    ++++++....             T - amulet of magic regeneration
HPRegen  0.70/turn              C - +6 ring of evasion
MPRegen  0.44/turn              G - ring of poison resistance

@: mighty, studying Armour
A: horns 2, talons 2, nightstalker 2, powered by pain 2
a: Minor Destruction, Lesser Servant of Makhleb, Major Destruction, Greater
Servant of Makhleb, Renounce Religion


You were on level 1 of the Spider Nest.
You worshipped Makhleb.
Makhleb was exalted by your worship.
You were not hungry.

You visited 5 branches of the dungeon, and saw 25 of its levels.
You also visited: Volcano.

You collected 2340 gold pieces.
You spent 910 gold pieces at shops.

Inventory:

Hand Weapons
 a - a +1 quarterstaff (weapon)
 z - a +5 short sword of freezing
Missiles
 d - 5 throwing nets (quivered)
 A - 10 silver tomahawks
Armour
 b - a +2 cloak (worn)
 l - the +1 pair of gloves of the Dwarven Hall (worn) {rF++}
   (You found it in a volcano)

   It greatly protects you from fire.
 S - a +0 troll leather armour (worn)
Jewellery
 h - a +2 ring of protection
 p - an uncursed ring of flight
 C - a +6 ring of evasion (left hand)
 G - a ring of poison resistance (right hand)
 Q - an uncursed ring of protection from cold
 R - an uncursed amulet of faith
 T - an amulet of magic regeneration (around neck)
Wands
 c - a wand of digging (5)
 j - a wand of polymorph (12)
 s - a wand of acid (3)
 D - a wand of disintegration (16)
 F - a wand of flame (41)
 I - a wand of paralysis (33)
 L - a wand of iceblast (22)
 P - a wand of enslavement (5)
 X - a wand of scattershot (12)
Scrolls
 g - 3 scrolls of magic mapping
 i - 3 scrolls of identify
 r - 5 scrolls of remove curse
 y - 3 scrolls of fog
 M - a scroll of immolation
 N - a scroll of teleportation
Potions
 f - 6 potions of agility
 k - a potion of ambrosia
 m - 2 potions of might
 o - 11 potions of curing
 q - 2 potions of brilliance
 t - a potion of invisibility
 u - 9 potions of haste
 v - 3 potions of resistance
 B - a potion of berserk rage
 E - a potion of cancellation
 H - a potion of magic
 K - 3 potions of mutation
 W - 2 potions of heal wounds
 Y - a potion of flight
Books
 x - a manual of Armour
Miscellaneous
 J - a lightning rod (4/4)
 O - a sack of spiders
Comestibles
 e - 48 rations
 n - 3 chunks of flesh


   Skills:
 + Level 13.9 Fighting
 - Level 14.0 Staves
 - Level 1.7 Throwing
 + Level 9.2 Armour
 + Level 7.9 Dodging
 + Level 9.9 Stealth
 - Level 5.0 Spellcasting
 - Level 5.0 Translocations
 + Level 13.5 Invocations
 - Level 6.0 Evocations


You had 22 spell levels left.
You knew the following spells:

 Your Spells              Type           Power        Failure   Level  Hunger
B - Blink                 Tloc           N/A          4%          2    ##.....

Your spell library contained the following spells:

 Spells                   Type           Power        Failure   Level  Hunger
 Flame Tongue             Conj/Fire      #....        24%         1    None
 Magic Dart               Conj           #...         24%         1    None
 Shock                    Conj/Air       #...         24%         1    None
 Call Imp                 Summ           #.......     34%         2    ##.....
 Searing Ray              Conj           #.....       34%         2    ##.....
 Slow                     Hex            #.......     34%         2    ##.....
 Swiftness                Chrm/Air       #.......     34%         2    ##.....
 Throw Flame              Conj/Fire      #.....       34%         2    ##.....
 Conjure Flame            Conj/Fire      #.......     56%         3    ###....
 Dazzling Spray           Conj/Hex       #.....       56%         3    ###....
 Mephitic Cloud           Conj/Pois/Air  #.......     56%         3    ###....
 Static Discharge         Conj/Air       #.......     56%         3    ###....
 Force Lance              Conj/Tloc      #.......     63%         4    ####...
 Airstrike                Air            #.........   93%         4    ####...
 Cause Fear               Hex            #.........   93%         4    ####...
 Fulminant Prism          Conj/Hex       #.........   93%         4    ####...
 Iskenderun's Mystic Bla  Conj           #.......     93%         4    ####...
 Irradiate                Conj/Tmut      #.........   100%        5    ######.
 Lightning Bolt           Conj/Air       #.........   100%        5    ######.
 Silence                  Hex/Air        #.........   100%        5    ######.
 Yara's Violent Unravell  Hex/Tmut       #.........   100%        5    ######.
 Deflect Missiles         Chrm/Air       #.........   100%        6    #######
 Hydra Form               Tmut           #.........   100%        6    #######
 Statue Form              Tmut/Erth      #........    100%        6    #######
 Dragon Form              Tmut           #.........   100%        7    #######
 Spellforged Servitor     Conj/Summ      #.........   100%        7    #######
 Discord                  Hex            #.........   100%        8    #######


Dungeon Overview and Level Annotations

Branches:
Dungeon (15/15)            Temple (1/1) D:7            Lair (6/6) D:10
 Shoals (0/4) Lair:3       Spider (1/4) Lair:4        Slime (0/5) Lair:6
    Orc (2/2) D:11            Elf (0/3) Orc:2        Vaults (0/5) D:14
 Depths (0/5) D:15

Altars:
Ashenzari
Cheibriados
Makhleb
Okawaru
Qazlal
Uskayaw
Xom

Shops:
D:7 (   D:11 (   Orc:1 !%[   Orc:2 ([*=

Annotations:
D:8 1 runed translucent door, pigah's ghost, novice DrWn
Lair:6 exclusion: 5 oklob plants
Orc:1 2 transporters, Pooter's ghost, journeyman MiBe


Innate Abilities, Weirdness & Mutations

You have a pair of horns on your head.
You have razor-sharp toenails.
You are significantly more attuned to the shadows.
You sometimes gain power by taking damage.


Message History

The emperor scorpion claws you.
The emperor scorpion claws you but does no damage.
You sock the emperor scorpion! You claw the emperor scorpion.
The emperor scorpion is almost dead.
You barely miss the emperor scorpion. Your kick misses the emperor scorpion.
The emperor scorpion is almost dead.
The emperor scorpion misses you. The emperor scorpion barely misses you.
The emperor scorpion claws you.
You barely miss the emperor scorpion.
You claw the emperor scorpion, but do no damage.
The emperor scorpion is severely wounded.
You miss the emperor scorpion.
You headbutt the emperor scorpion, but do no damage.
The emperor scorpion is severely wounded.
The emperor scorpion stings you!
* * * LOW HITPOINT WARNING * * *
The emperor scorpion claws you!
* * * LOW HITPOINT WARNING * * *
The emperor scorpion claws you!
You die...

## ..# ...##
#...^## #....###
#..@s.# ##^..^#
##...# ######
###..#
#####....####...##
##<........#....##
#.....####....###
.†...### #....#
....## #....#


You could see an emperor scorpion.

Vanquished Creatures
  A sphinx (D:15)
  Josephine (D:11)
  An ettin (Orc:2)
  Harold (D:7)
  7 hydras
  The ghost of Irissag the Fighter, a journeyman MfSu of Dithmenos (Lair:4)
  2 catoblepae (Lair:6)
  3 centaur warriors
  A deep troll shaman (Lair:6)
  3 two-headed ogres (D:10)
  A death knight (D:12)
  18 death yaks
  An orc high priest (Orc:2)
  5 skeletal warriors
  2 fire crabs (Lair:6)
  An unseen horror (D:14)
  An orange crystal statue (D:13)
  3 orc knights
  A phantasmal warrior (D:12)
  8 ugly things
  3 orc sorcerers (Orc:2)
  7 cyclopes
  A faun (shapeshifter) (D:14)
  4 manticores
  4 slime creatures (D:13)
  34 elephants
  2 gargoyles
  2 torpor snails
  11 spiny frogs
  3 rime drakes
  5 komodo dragons
  A demonic crawler (Lair:3)
  A yaktaur (Volcano)
  3 freezing wraiths
  The ghost of ICEMaiden the Conjurer, a novice DECj of Vehumet (D:5)
  3 jumping spiders (Spider:1)
  7 trolls
  2 polar bears (Lair:6)
  22 blink frogs
  12 hippogriffs
  A snapping turtle (Lair:3)
  2 redbacks (Spider:1)
  A tarantella (Spider:1)
  2 wyverns
  A wyvern (shapeshifter) (D:15)
  32 yaks
  A vampire (D:13)
  3 shadows
  A yak (shapeshifter) (D:13)
  7 wraiths
  2 steam dragons
  2 basilisks
  A hungry ghost (D:7)
  A soldier ant (D:13)
  A warg (Orc:1)
  An acid dragon (D:14)
  7 water moccasins
  14 porcupines
  2 black bears
  27 orc warriors
  A necrophage (D:14)
  7 ogres
  3 sky beasts
  23 wolves
  2 phantoms
  A boggart (shapeshifter) (D:14)
  10 centaurs
  12 crocodiles
  2 big kobolds
  14 bullfrogs
  A wyvern zombie (D:14)
  9 scorpions
  15 wights (D:11)
  10 killer bees
  2 electric eels
  5 howler monkeys
  A bullfrog zombie (D:11)
  8 crimson imps
  3 centaur zombies
  23 orc wizards
  11 hounds
  6 jellies
  22 orc priests
  3 centaur skeletons
  4 bullfrog skeletons
  Terence (D:2)
  Jessica (D:3)
  3 iguanas
  16 worker ants
  2 hound zombies
  A hound skeleton (D:6)
  A worker ant zombie (D:7)
  3 gnolls
  9 adders
  2 howler monkey skeletons
  2 shadow imps (D:10)
  An ooze (D:6)
  An adder zombie (D:7)
  4 adder skeletons
  6 worms
  A dart slug (D:1)
  4 leopard geckos
  118 orcs
  8 bats
  8 giant cockroaches
  9 goblins
  9 hobgoblins
  5 jackals
  13 kobolds
  6 quokkas
  2 ball pythons
  5 frilled lizards
  A leopard gecko zombie (D:5)
  2 quokka skeletons
  12 rats
753 creatures vanquished.

Vanquished Creatures (collateral kills)
  Frances (D:12)
  An orc warlord (Orc:2)
  A red draconian (Volcano)
  A hydra (Lair:6)
  A catoblepas (Lair:5)
  A centaur warrior (Volcano)
  2 death knights
  4 death yaks
  3 orc high priests (Orc:2)
  An orc knight (Orc:2)
  3 orc sorcerers (Orc:2)
  3 ugly things (D:14)
  An elephant (Lair:3)
  A yaktaur (Volcano)
  A polar bear (Lair:4)
  2 hornets (Lair:4)
  2 blink frogs (Lair:2)
  2 spriggans (Lair:4)
  3 yaks (Lair:3)
  2 wargs (Orc:2)
  An acid dragon (D:12)
  10 orc warriors (Orc:2)
  A boggart (Lair:4)
  2 ogres (Orc:2)
  4 centaurs (Volcano)
  3 orc priests (Orc:2)
  14 orc wizards (Orc:2)
  16 orcs (Orc:2)
87 creatures vanquished.

Vanquished Creatures (others)
  An orc (Orc:2)
  3 bushes (Lair:6)
  14 fungi
  14 plants
32 creatures vanquished.

Grand Total: 872 creatures vanquished

Notes
Turn   | Place    | Note
-------+----------+-------------------------------------------
     0 | D:1      | silenth the Demonspawn Gladiator began the quest for the
                  | Orb.
     0 | D:1      | Reached XP level 1. HP: 16/16 MP: 1/1
    65 | D:1      | Reached skill level 3 in Staves
    74 | D:1      | Gained mutation: You are slightly more attuned to the
                  | shadows. [demonic ancestry]
    74 | D:1      | Reached XP level 2. HP: 16/22 MP: 2/2
   427 | D:1      | Reached XP level 3. HP: 23/28 MP: 3/3
  1212 | D:2      | Noticed Terence
  1552 | D:2      | Reached skill level 1 in Stealth
  1807 | D:2      | Gained mutation: You sometimes gain a little power by
                  | taking damage. [demonic ancestry]
  1807 | D:2      | Reached XP level 4. HP: 29/34 MP: 4/4
  2196 | D:2      | Killed Terence
  2196 | D:2      | Reached skill level 3 in Fighting
  2196 | D:2      | Reached skill level 4 in Staves
  2549 | D:3      | Found a shattered altar of Ashenzari.
  2581 | D:3      | Noticed Jessica
  2597 | D:3      | Killed Jessica
  2597 | D:3      | Reached XP level 5. HP: 26/41 MP: 5/5
  3244 | D:4      | Reached skill level 1 in Armour
  3244 | D:4      | Reached skill level 2 in Stealth
  3432 | D:4      | Gained mutation: You have a pair of small horns on your
                  | head. [demonic ancestry]
  3432 | D:4      | Reached XP level 6. HP: 42/47 MP: 6/6
  3569 | D:4      | Found an iron altar of Okawaru.
  3960 | D:4      | Reached skill level 5 in Staves
  4433 | D:5      | Entered Level 5 of the Dungeon
  4541 | D:5      | Found a runed translucent door.
  4546 | D:5      | Noticed ICEMaiden's ghost (novice DECj)
  5008 | D:5      | Found a burning altar of Makhleb.
  5014 | D:5      | Reached skill level 2 in Armour
  5021 | D:5      | Became a worshipper of Makhleb the Destroyer
  5246 | D:5      | Reached skill level 4 in Fighting
  5246 | D:5      | Reached XP level 7. HP: 51/54 MP: 7/7
  5322 | D:6      | Found a hide-covered altar of Uskayaw.
  5354 | D:6      | Reached skill level 3 in Stealth
  5779 | D:6      | Reached skill level 6 in Staves
  5959 | D:6      | Reached skill level 3 in Armour
  5961 | D:6      | Gained mutation: You have sharp toenails. [demonic
                  | ancestry]
  5961 | D:6      | Reached XP level 8. HP: 49/61 MP: 8/8
  6544 | D:7      | Reached * piety under Makhleb
  6579 | D:7      | Reached skill level 4 in Stealth
  6698 | D:7      | Noticed Harold
  6707 | D:7      | Killed Harold
  6707 | D:7      | Reached skill level 5 in Fighting
  6707 | D:7      | Reached skill level 7 in Staves
  6707 | D:7      | Reached skill level 5 in Stealth
  6946 | D:7      | Gained mutation: You are significantly more attuned to the
                  | shadows. [demonic ancestry]
  6946 | D:7      | Reached XP level 9. HP: 37/69 MP: 9/9
  6953 | D:7      | Reached skill level 6 in Fighting
  6953 | D:7      | Reached skill level 8 in Staves
  7260 | D:7      | Found Pepeheup's Antique Weapon Emporium.
  7333 | D:7      | Found a staircase to the Ecumenical Temple.
  7340 | Temple   | Entered the Ecumenical Temple
  7635 | D:8      | Reached skill level 1 in Invocations
  7644 | D:8      | Reached skill level 1 in Evocations
  8183 | D:8      | Reached skill level 2 in Invocations
  8311 | D:8      | Reached skill level 6 in Stealth
  8388 | D:8      | Found a runed translucent door.
  8389 | D:8      | Noticed pigah's ghost (novice DrWn)
  8389 | D:8      | Noticed a centaur warrior
  8445 | D:8      | Reached skill level 2 in Evocations
  8785 | D:5      | Reached skill level 3 in Invocations
  8801 | D:5      | HP: 5/71 [ICEMaiden's ghost (17)]
  8810 | D:5      | Killed ICEMaiden's ghost
  8810 | D:5      | Reached skill level 9 in Staves
  9199 | D:9      | Noticed a troll
  9205 | D:9      | Killed a troll
  9206 | D:9      | Reached XP level 10. HP: 57/77 MP: 12/12
  9233 | D:9      | Reached ** piety under Makhleb
  9383 | D:9      | Reached skill level 7 in Fighting
  9619 | D:10     | Entered Level 10 of the Dungeon
  9630 | D:10     | Reached skill level 4 in Invocations
  9630 | D:10     | Reached skill level 3 in Evocations
  9690 | D:10     | Noticed a death yak
  9695 | D:10     | Noticed a death yak
  9856 | D:10     | Noticed a five-headed hydra
 10002 | D:10     | Noticed a two-headed ogre
 10013 | D:10     | Killed a two-headed ogre
 10031 | D:10     | Noticed a two-headed ogre
 10035 | D:10     | Found a staircase to the Lair.
 10036 | D:10     | Killed a two-headed ogre
 10036 | D:10     | Reached skill level 3 in Dodging
 10036 | D:10     | Reached skill level 5 in Invocations
 10038 | D:10     | Noticed a death yak
 10038 | D:10     | Noticed a death yak
 10094 | D:10     | Noticed a death yak
 10375 | D:9      | Killed a death yak
 10375 | D:9      | Reached skill level 10 in Staves
 10375 | D:9      | Reached skill level 7 in Stealth
 10746 | D:10     | Noticed a death yak
 10990 | D:9      | Killed a death yak
 10990 | D:9      | Reached skill level 6 in Invocations
 11209 | D:10     | Found a snail-covered altar of Cheibriados.
 11417 | D:10     | Gained mutation: You have razor-sharp toenails. [demonic
                  | ancestry]
 11417 | D:10     | Reached XP level 11. HP: 81/86 MP: 15/15
 11453 | D:10     | Reached skill level 4 in Armour
 11525 | D:10     | Killed a five-headed hydra
 11525 | D:10     | Reached skill level 8 in Fighting
 11613 | D:10     | Reached skill level 4 in Dodging
 11616 | D:10     | Noticed a two-headed ogre
 11712 | D:10     | Identified the cursed +1 scimitar "Spiderbane" {flame,
                  | *Drain rElec rF+}
 12139 | D:9      | Killed a death yak
 12321 | D:10     | Killed a two-headed ogre
 12523 | D:11     | Noticed a green ugly thing
 12539 | D:11     | Killed a green ugly thing
 12539 | D:11     | Reached skill level 4 in Evocations
 12679 | D:11     | Reached *** piety under Makhleb
 12740 | D:11     | Noticed Josephine
 12748 | D:11     | Reached skill level 7 in Invocations
 12753 | D:11     | Killed Josephine
 12753 | D:11     | Reached skill level 11 in Staves
 12934 | D:11     | Found a staircase to the Orcish Mines.
 13036 | D:11     | Reached **** piety under Makhleb
 13117 | D:11     | Reached skill level 5 in Dodging
 13516 | D:11     | Reached skill level 8 in Invocations
 13737 | D:11     | Reached ***** piety under Makhleb
 14118 | D:11     | Found Usav's Weapon Shop.
 14195 | D:11     | Reached skill level 9 in Fighting
 14347 | D:11     | Gained mutation: You have a pair of horns on your head.
                  | [demonic ancestry]
 14347 | D:11     | Reached XP level 12. HP: 95/95 MP: 18/18
 14555 | D:10     | Killed a death yak
 14557 | D:10     | Killed a death yak
 14566 | D:10     | Killed a death yak
 14858 | Lair:1   | Entered Level 1 of the Lair of Beasts
 15227 | Lair:1   | Reached skill level 12 in Staves
 15394 | Lair:1   | Noticed an eight-headed hydra
 15401 | Lair:1   | Killed an eight-headed hydra
 15401 | Lair:1   | Reached skill level 9 in Invocations
 15692 | Lair:1   | Learned a level 2 spell: Blink
 16158 | Lair:2   | Reached skill level 1 in Translocations
 16199 | Lair:2   | Reached skill level 1 in Spellcasting
 16357 | Lair:2   | HP: 7/96 [blink frog (12)]
 16362 | Lair:2   | HP: 8/96 [blink frog (1)]
 16362 | Lair:2   | HP: 1/96 [blink frog (7)]
 16564 | Lair:2   | Found a stormy altar of Qazlal.
 17180 | Lair:3   | Reached skill level 2 in Spellcasting
 17180 | Lair:3   | Reached skill level 2 in Translocations
 17331 | Lair:2   | Reached skill level 8 in Stealth
 17669 | Lair:2   | Reached skill level 10 in Invocations
 17669 | Lair:2   | Reached XP level 13. HP: 72/103 MP: 20/20
 17673 | Lair:2   | Reached skill level 10 in Fighting
 17735 | Lair:3   | Found a staircase to the Shoals.
 17854 | Lair:3   | Reached skill level 3 in Spellcasting
 17854 | Lair:3   | Reached skill level 3 in Translocations
 18402 | Lair:4   | Found a hole to the Spider Nest.
 18557 | Lair:4   | Reached skill level 13 in Staves
 19041 | Lair:4   | Reached skill level 4 in Translocations
 19108 | Lair:4   | Reached skill level 4 in Spellcasting
 19240 | Lair:4   | Found a runed translucent door.
 19244 | Lair:4   | Noticed Irissag's ghost (journeyman MfSu)
 19245 | Lair:4   | Identified the +6 spear of Change {pierce, rC- Str+2 Dex+5}
 19923 | Lair:4   | Reached skill level 11 in Invocations
 20172 | Lair:4   | Killed Irissag's ghost
 21147 | Lair:5   | Reached XP level 14. HP: 95/111 MP: 22/22
 21208 | Lair:5   | Reached skill level 5 in Spellcasting
 21648 | Lair:5   | Reached skill level 5 in Armour
 21800 | Lair:5   | Reached skill level 5 in Translocations
 21844 | Lair:6   | Entered Level 6 of the Lair of Beasts
 21910 | Lair:6   | Found a dark tunnel.
 21918 | Volcano  | Entered a volcano
 21948 | Volcano  | Found a bloodstained altar of Trog.
 21971 | Volcano  | Got a pair of distressingly furry gloves
 22139 | Lair:6   | Identified the +1 pair of gloves of the Dwarven Hall {rF++}
                  | (You found it in a volcano)
 22192 | Lair:6   | Reached skill level 11 in Fighting
 22548 | Lair:6   | Reached skill level 14 in Staves
 22548 | Lair:6   | Reached skill level 6 in Dodging
 22951 | Lair:6   | Reached ****** piety under Makhleb
 23178 | Lair:6   | Reached skill level 12 in Fighting
 23733 | Lair:6   | Found a staircase to the Slime Pits.
 24014 | Lair:6   | Reached skill level 13 in Fighting
 24081 | Lair:6   | Reached skill level 12 in Invocations
 24113 | Lair:6   | Reached skill level 6 in Armour
 24901 | D:12     | Reached skill level 5 in Evocations
 25058 | D:12     | Noticed Frances
 25226 | D:12     | Gained mutation: You sometimes gain power by taking damage.
                  | [demonic ancestry]
 25226 | D:12     | Reached XP level 15. HP: 75/123 MP: 24/24
 25232 | D:12     | Killed Frances
 26317 | D:13     | Reached skill level 7 in Armour
 26601 | D:13     | Identified the Reference Book on Confrontation
 26799 | D:13     | Reached skill level 9 in Stealth
 27100 | D:14     | Got a jewelled chain mail
 27111 | D:14     | Identified the +4 chain mail "Trusted Companion" {Dex+5}
                  | (You found it on level 14 of the Dungeon)
 27531 | D:14     | Found a gate to the Vaults.
 27568 | D:13     | Reached skill level 7 in Dodging
 27568 | D:13     | Reached skill level 6 in Evocations
 28449 | D:15     | Entered Level 15 of the Dungeon
 28561 | D:15     | Reached skill level 8 in Armour
 28721 | D:15     | Reached skill level 13 in Invocations
 28721 | D:15     | Noticed a sphinx
 28728 | D:15     | Paralysed by a sphinx for 5 turns
 28742 | D:15     | Killed a sphinx
 28755 | D:15     | HP: 9/125 [yaktaur captain (23)]
 29122 | Orc:1    | Entered Level 1 of the Orcish Mines
 29265 | Orc:1    | Found Torutisu's Distillery.
 29275 | Orc:2    | Entered Level 2 of the Orcish Mines
 29326 | Orc:2    | Found a staircase to the Elven Halls.
 29698 | Orc:1    | Found Alose's Food Shop.
 29709 | Orc:1    | Found Unoul's Armour Emporium.
 29764 | Orc:1    | Found a transporter.
 29764 | Orc:1    | Found a transporter.
 29799 | Orc:1    | Identified the cursed +2 battleaxe of Oenomania {antimagic,
                  | rElec}
 29800 | Orc:1    | Found a shimmering altar of Xom.
 29917 | Orc:1    | Noticed Pooter's ghost (journeyman MiBe)
 30185 | Orc:2    | Noticed an orc warlord
 30561 | Orc:2    | Killed an orc warlord
 30576 | Orc:2    | Reached skill level 9 in Armour
 31193 | Orc:2    | Found Plog's Antique Armour Boutique.
 31193 | Orc:2    | Found Tonn's General Store.
 31193 | Orc:2    | Found Zazeisi's Antique Weapon Shop.
 31202 | Orc:2    | Found Onaipn's Jewellery Boutique.
 31207 | Orc:2    | Bought a potion of curing for 39 gold pieces
 31207 | Orc:2    | Bought a potion of flight for 39 gold pieces
 31321 | Orc:1    | Bought a potion of haste for 160 gold pieces
 31321 | Orc:1    | Bought a potion of haste for 160 gold pieces
 31321 | Orc:1    | Bought a potion of curing for 48 gold pieces
 31321 | Orc:1    | Bought a potion of curing for 48 gold pieces
 31321 | Orc:1    | Bought 2 potions of resistance for 320 gold pieces
 31321 | Orc:1    | Bought 2 potions of curing for 96 gold pieces
 31479 | Spider:1 | Entered Level 1 of the Spider Nest
 31639 | Spider:1 | HP: 9/125 [emperor scorpion (13)]
 31639 | Spider:1 | Slain by an emperor scorpion

Levels and vault maps discovered:
D:1:      ebering_hopf_link, layout_loops_ring, minmay_ruptured
D:2:      layout_basic, uniq_terence
D:3:      layout_basic, cheibrodos_ashenzari_chains, uniq_jessica
D:4:      layout_layer_cave, okawaru_trees_1
D:5:      layout_gridville, first_ration, ebering_ghost_sewer_d,
          makhleb_blood_cavern_becter
D:6:      layout_basic, basic_altar
D:7:      layout_loops_ring, minmay_temple_entry_butterflies, serial_shops,
          shop, uniq_harold
D:8:      layout_loops_corners, ebering_ghost_inner_flame, blue_anna_alchemist
          [blue_anna_fruit_fields, blue_anna_fruit_fields]
D:9:      layout_rooms
D:10:     minmay_ornate_pinched, layout_basic, dpeg_lair_monsters, basic_altar
D:11:     layout_irregular_city, hiddenorc2_lemuel, serial_shops, shop,
          uniq_josephine
D:12:     layout_layer_cave, uniq_frances
D:13:     layout_rooms, serial_rivers, chequers_serial_rivers_micro_e,
          chequers_serial_rivers_small_b, chequers_serial_rivers_room_b,
          chequers_serial_rivers_small_3, chequers_serial_rivers_large_a,
          chequers_serial_rivers_small_b, special_room [special_room_orc],
          minmay_misc_feat_tiny, minmay_protected_statue
D:14:     layout_stronghold, david_vaults_2, hangedman_glass_teeth
D:15:     grunt_enter_depths_magical_seal, layout_rooms, hex_medium, drop_trap,
          grunt_ministairs_12, minmay_crystal_water, dispersion_dpeg
Temple:   kilobyte_greek_temple
Lair:1:   layout_chaotic_city
Lair:2:   layout_long_grid, basic_altar, nicolae_quartered_pool_super,
          lemuel_fruit_tree, serial_bayou_shore_b
Lair:3:   layout_cave_pods, minmay_shoals_entry_hut, beast_lair_carwin_11,
          grunt_megastairs_2
Lair:4:   layout_loops_ring, nicolae_spider_entry_non_spiders,
          ebering_ghost_funeral_grove
Lair:5:   layout_long_grid
Lair:6:   grunt_lair_end_beastmaster, layout_cave_pods,
          minmay_slime_entry_oklob_open, enter_volcano_1, st_stairs_11,
          lemuel_fruit_fields, lemuel_fruit_fields, serial_bayou_shore_b
Spider:1: layout_spider_delve, uniq_aizul
Orc:1:    layout_caves, gammafunk_ghost_wrathful_warriors, serial_shops,
          nicolae_shop_crystal, nicolae_shop_behind_doors, shop, basic_altar
Orc:2:    st_orc_congregation, layout_diamond_mine
Volcano:  kennysheep_volcano_temple

Skill      XL: |  1  2  3  4  5  6  7  8  9 10 11 12 13 14 15 |
---------------+----------------------------------------------+-----
Staves         | 3 4 5 6 7 9 10 11 12 13 14 | 14.0
Stealth        | 1 2 3 5 6 7 8 9 |  9.9
Fighting       | 3 4 5 6 7 9 10 13 | 13.9
Armour         | 1 2 3 4 6 9 |  9.2
Invocations    | 3 6 8 10 11 12 13 | 13.5
Evocations     | 2 3 4 5 6 |  6.0
Dodging        | 3 5 6 7 |  7.9
Translocations | 2 4 5 |  5.0
Spellcasting   | 2 4 5 |  5.0
Throwing       | |  1.7

Action                   |  1- 3 |  4- 6 |  7- 9 | 10-12 | 13-15 || total
-------------------------+-------+-------+-------+-------+-------++-------
Melee: Quarterstaff      |   124 |   191 |   204 |   696 |  1955 ||  3170
       Headbutt          |       |    14 |    37 |   156 |   598 ||   805
       Kick              |       |       |    41 |   262 |   944 ||  1247
Throw: Throwing net      |       |     1 |       |       |       ||     1
 Cast: Blink             |       |       |       |       |    11 ||    11
Invok: Minor Destruction |       |       |       |    11 |    16 ||    27
       Lesser Servant of |       |       |       |     2 |     9 ||    11
       Greater Servant o |       |       |       |       |    10 ||    10
       Major Destruction |       |       |       |       |     7 ||     7
Evoke: Wand              |       |       |     2 |    11 |    18 ||    31
       Lightning rod     |       |       |       |       |    10 ||    10
  Use: Potion            |       |     1 |     5 |     9 |     6 ||    21
       Scroll            |       |     7 |       |    15 |    15 ||    37
 Stab: Sleeping          |    12 |     5 |    14 |    22 |    49 ||   102
       Distracted        |       |     3 |     2 |     1 |    15 ||    21
       Held in net/web   |       |     1 |       |       |       ||     1
       Paralysed         |       |       |     1 |     4 |       ||     5
       Petrified         |       |       |       |       |     6 ||     6
       Petrifying        |       |       |       |       |     2 ||     2
  Eat: Chunk             |     3 |     7 |     9 |    12 |    14 ||    45
       Ration            |       |     1 |     2 |     4 |    10 ||    17
Armor: Leather armour    |    50 |     3 |       |       |       ||    53
       Scale mail        |       |    87 |    84 |   165 |       ||   336
       Troll leather arm |       |       |       |    51 |   370 ||   421
Dodge: Dodged            |    96 |   122 |    93 |   439 |  1537 ||  2287

Table legend:
 A = Non-vault XP
 B = Vault XP
 C = Vault XP percentage of total XP
 D = Non-vault monster count
 E = Vault monster count
 F = Vault count percentage of total count
                 A         B        C        D         E       F
            +---------+---------+-------+---------+---------+-------
      Total |  108014 |   43923 |  28.9 |     638 |     203 |  24.1
            +---------+---------+-------+---------+---------+-------
        D:1 |      55 |       6 |   9.8 |      27 |       3 |  10.0
        D:2 |      60 |      38 |  38.8 |      22 |       1 |   4.3
        D:3 |      72 |      37 |  33.9 |      22 |       1 |   4.3
        D:4 |     285 |       0 |   0.0 |      17 |       0 |   0.0
        D:5 |     155 |     491 |  76.0 |       7 |       5 |  41.7
        D:6 |     715 |       0 |   0.0 |      20 |       0 |   0.0
        D:7 |     641 |    1002 |  61.0 |      15 |       1 |   6.2
        D:8 |    1419 |     100 |   6.6 |      22 |       1 |   4.3
        D:9 |    1011 |    2628 |  72.2 |      11 |       3 |  21.4
       D:10 |    2708 |    5502 |  67.0 |      30 |      15 |  33.3
       D:11 |    5392 |    2361 |  30.5 |      57 |      38 |  40.0
       D:12 |    5433 |    1360 |  20.0 |      27 |       1 |   3.6
       D:13 |    9553 |    1910 |  16.7 |      32 |      14 |  30.4
       D:14 |    8335 |     539 |   6.1 |      30 |       1 |   3.2
       D:15 |    6033 |    4180 |  40.9 |      13 |       4 |  23.5
     Lair:1 |    2196 |       0 |   0.0 |       8 |       0 |   0.0
     Lair:2 |    6036 |       0 |   0.0 |      29 |       0 |   0.0
     Lair:3 |   10403 |    3044 |  22.6 |      37 |      10 |  21.3
     Lair:4 |   13640 |    1638 |  10.7 |      40 |      12 |  23.1
     Lair:5 |    8011 |       0 |   0.0 |      25 |       0 |   0.0
     Lair:6 |   18395 |    9127 |  33.2 |      54 |      22 |  28.9
   Spider:1 |    1592 |       0 |   0.0 |       6 |       0 |   0.0
      Orc:1 |    1585 |       3 |   0.2 |      33 |       1 |   2.9
      Orc:2 |    4289 |    8149 |  65.5 |      54 |      62 |  53.4
    Volcano |       0 |    1808 | 100.0 |       0 |       8 | 100.0
            +---------+---------+-------+---------+---------+-------
